 Dungeon Crawl Stone Soup version 0.28-a0-728-g0181a31188 (webtiles) character file.

Game seed: 6999424792919935573

8 DungeonMaster the Changer (level 2, 18/21 HPs)
             Began as a Demonspawn Wanderer on Oct 28, 2021.
             Quit the game on level 1 of the Dungeon.
             The game lasted 00:00:22 (328 turns).

DungeonMaster the Changer (Demonspawn Wanderer)      Turns: 328, Time: 00:00:22

Health: 18/21      AC:  2    Str: 12    XL:     2   Next: 0%
Magic:  3/3        EV: 12    Int: 13    God:
Gold:   23         SH:  0    Dex: 12    Spells: 2/3 levels left

rFire   . . .      SeeInvis .   a - +2 dagger
rCold   . . .      Faith    .   (no shield)
rNeg    . . .      Spirit   .   d - +0 robe
rPois   .          Reflect  .   (no helmet)
rElec   .          Harm     .   (no cloak)
rCorr   .          Rampage  .   (no gloves)
Will    .....                   (no boots)
Stlth   ++........              (no amulet)
HPRegen 0.07/turn               (no ring)
MPRegen 0.08/turn               (no ring)

@: no status effects
A: claws 1
a: no special abilities


You were on level 1 of the Dungeon.
You visited 1 branch of the dungeon, and saw 1 of its levels.

You collected 23 gold pieces.

Inventory:

Hand Weapons
 a - a +2 dagger (weapon)
Missiles
 e - 35 stones
Armour
 d - a +0 robe (worn)
Scrolls
 b - a scroll of fear
Potions
 c - a potion of curing


   Skills:
 * Level 1.6 Fighting
 - Level 1.0 Throwing
 * Level 1.4 Dodging
 - Level 1.7 Stealth
 - Level 1.0 Spellcasting
 - Level 3.6 Transmutations


You had 2 spell levels left.
You knew the following spells:

 Your Spells              Type           Power      Damage    Failure   Level
a - Pain                  Necr           0%         1d4       28%         1

Your spell library contained the following spells:

 Spells                   Type           Power      Damage    Failure   Level
 Vampiric Draining        Necr           0%         2d6       63%         3


Dungeon Overview and Level Annotations

Branches:
Dungeon (1/15)

Altars:


Innate Abilities, Weirdness & Mutations

You have sharp fingernails.


Message History

The hobgoblin barely misses you.
You hit the hobgoblin.
The hobgoblin is severely wounded.
The hobgoblin barely misses you.
You closely miss the hobgoblin.
The hobgoblin is severely wounded.
The hobgoblin hits you but does no damage.
You closely miss the hobgoblin.
The hobgoblin is severely wounded.
The hobgoblin barely misses you.
You hit the hobgoblin.
You kill the hobgoblin!
No target in view!
No target in view!
No target in view!
No target in view!
No target in view!
No target in view!
No target in view!
No target in view!
No target in view!
No target in view!
No target in view!
A goblin comes into view. It is wielding a +0 club.
The goblin shouts!
A frilled lizard comes into view.
The goblin hits you with a +0 club.
The frilled lizard hisses angrily.
You hit the goblin.
You kill the goblin!
You hit the frilled lizard but do no damage.
The frilled lizard closely misses you.
You barely miss the frilled lizard. The frilled lizard misses you.
You hit the frilled lizard.
You kill the frilled lizard!
You have reached level 2!
You feel monstrous as your demonic heritage exerts itself.
Your demonic ancestry asserts itself...
Your fingernails lengthen.
Are you sure you want to abandon this character and quit the game? (Confirm with "yes".)

... #.. #.## ##.. ...
...### ...# ... #..#..
#..# #.# #..#.# #..#
#.# #..#)# #..# #.#
#..#@# # #..# #.#
#..#.##....
#..####.###........#
###..............###.#
........#.########
.....##.#.#
####.##...#
.....##.### ..#####.#


There were no monsters in sight!

Vanquished Creatures
  A dart slug (D:1)
  A goblin (D:1)
  A hobgoblin (D:1)
  A quokka (D:1)
  A frilled lizard (D:1)
  A rat (D:1)
6 creatures vanquished.

Notes
Turn   | Place    | Note
-------+----------+-------------------------------------------
     0 | D:1      | DungeonMaster the Demonspawn Wanderer began the quest for
                  | the Orb.
     0 | D:1      | DungeonMaster set off with the following items: a +2
                  | dagger, a scroll of fear, a potion of curing, a +0 robe;
                  | and the following spell memorised: Pain; and the following
                  | spells available to memorise: Vampiric Draining
     0 | D:1      | Reached XP level 1. HP: 15/15 MP: 2/2
   328 | D:1      | Discovered your monstrous ancestry.
   328 | D:1      | Gained mutation: You have sharp fingernails. [demonic
                  | ancestry]
   328 | D:1      | Reached XP level 2. HP: 18/21 MP: 3/3
   328 | D:1      | Quit the game

Illustrated notes

Levels and vault maps discovered:
D:1:      eino_arrival_water_star, layout_loops_ring

Action                   || total
-------------------------++-------
Melee: Dagger            ||    26
Armor: Robe              ||     1
Dodge: Dodged            ||    14

Table legend: (Time is in decaauts)
 A = Elapsed time spent in this place.
 B = Non-inter-level travel time spent in this place.
 C = Inter-level travel time spent in this place.
 D = Time resting spent in this place.
 E = Time spent auto-exploring this place.
 F = Levels seen in this place.
 G = Mean time per level.
                   A        B        C        D        E       F      G
               +--------+--------+--------+--------+--------+-----+--------+
         Total |    328 |    328 |      0 |    141 |    145 |   1 |  328.0 |
       Dungeon |    328 |    328 |      0 |    141 |    145 |   1 |  328.0 |
               +--------+--------+--------+--------+--------+-----+--------+

Top non-repeatable levels by time:
     D:1: 328 daAuts
